 Dungeon Sprint DCSS version 0.28-a0-1447-ga5a8893891 (webtiles) character file.

Game seed: 10708919316188579707

17519 mhtbhm the Executioner (level 12, -3/130 HPs)
             Began as a Minotaur Fighter on Jan 10, 2022.
             Was an Initiate of Gozag.
             Slain by an iron troll (9 damage)
             ... while petrified by a catoblepas
             ... in the Dungeon (Sprint VII: "The Pits").
             The game lasted 00:07:42 (4401 turns).

mhtbhm the Executioner (Minotaur Fighter)           Turns: 4401, Time: 00:07:43

Health: -3/130     AC: 15    Str: 28    XL:     12   Next: 19%
Magic:  11/11      EV:  2    Int:  5    God:    Gozag
Gold:   5322       SH:  0    Dex: 11    Spells: 11/11 levels left

rFire   . . .      SeeInvis .   a - +1 broad axe (vorpal)
rCold   . . .      Faith    .   c - +0 buckler
rNeg    + + +      Spirit   .   b - +1 scale mail {rPois}
rPois   ∞          Reflect  .   (helmet restricted)
rElec   .          Harm     .   r - +0 cloak
rCorr   .          Rampage  .   q - +0 pair of gloves
Will    .....      NoTele   +   (no boots)
Stlth   ..........              (no amulet)
HPRegen 0.31/turn               n - +3 ring of evasion
MPRegen 0.12/turn               o - +3 ring of strength

@: mighty, petrified, on berserk cooldown, slowed, glowing, invisible (but
backlit and visible) (expiring)
A: horns 2, retaliatory headbutt
a: Renounce Religion, Potion Petition, Call Merchant, Bribe Branch


You were in the Dungeon.
You worshipped Gozag.
Gozag was greatly pleased with you.
You visited 1 branch You collected 8069 gold pieces.
You paid 2747 gold pieces to Gozag.

Inventory:

Hand Weapons
 a - a +1 vorpal broad axe (weapon)
Missiles
 s - 2 throwing nets (quivered)
Armour
 b - a +1 scale mail of poison resistance (worn)
 c - a +0 buckler (worn)
 q - a +0 pair of gloves (worn)
 r - a +0 cloak (worn)
Jewellery
 n - a +3 ring of evasion (left hand)
 o - a +3 ring of strength (right hand)
 u - a ring of protection from cold
 v - a ring of fire
Wands
 y - a wand of paralysis (11)
Scrolls
 j - 3 scrolls of blinking
 k - 5 scrolls of amnesia
 l - a scroll of summoning
 w - a scroll of silence
 x - a scroll of identify
 z - 8 scrolls of enchant weapon
 A - a scroll of fog
 B - a scroll of fear
Potions
 d - a potion of might
 e - 10 potions of curing
 f - 2 potions of berserk rage
 g - 3 potions of haste
 h - 4 potions of magic
 i - 2 potions of invisibility
 m - 5 potions of heal wounds
 p - 4 potions of brilliance
 t - 2 potions of flight
 C - a potion of resistance
 D - 2 potions of mutation


   Skills:
 + Level 19.3 Fighting
 + Level 21.6 Axes
 + Level 18.2 Armour
 + Level 7.5 Dodging
 + Level 1.8 Stealth
 + Level 13.9 Shields


You had 11 spell levels left.
You didn't know any spells.
Your spell library contained the following spells:

 Spells                   Type           Power      Damage    Failure   Level
 Dazzling Flash           Conj/Hex       0%         N/A       97%         3
 Agony                    Necr           0%         N/A       100%        5
 Silence                  Hex/Air        0%         N/A       100%        5


Dungeon Overview and Level Annotations

Branches:
Dungeon (1/1)

Altars:
Ashenzari
Cheibriados
Dithmenos
Elyvilon
Fedhas
Gozag
Hepliaklqana
Kikubaaqudgha
Makhleb
Nemelex Xobeh
Okawaru
Qazlal
Ru
Sif Muna
Trog
Uskayaw
Vehumet
Wu Jian
Xom
Yredelemnul
Zin
The Shining One
Beogh
Jiyva
Lugonu

Shops:
D (


Innate Abilities, Weirdness & Mutations

You have a pair of horns on your head.
You reflexively headbutt those who attack you in melee.


Message History

The daeva hits you with a +5 scimitar of holy wrath.
The iron troll is no longer distracted by gold.
The black draconian hits you from afar with a +0 glaive.
The daeva is engulfed in calcifying dust.
The daeva stops moving altogether!
The merfolk aquamancer is no longer petrified.
The black draconian is distracted by your dazzling golden aura.
The iron troll bites you!!
The iron troll claws you but does no damage. x2
The daeva is engulfed in calcifying dust.
The black draconian roars!
The merfolk aquamancer hits you with a +6 rapier of venom!
* * * LOW HITPOINT WARNING * * *
The iron troll bites you but does no damage.
The iron troll claws you!
* * * LOW HITPOINT WARNING * * *
The iron troll claws you but does no damage.
The daeva is engulfed in calcifying dust.
The black draconian is no longer distracted by gold.
The merfolk aquamancer hits you with a +6 rapier of venom!
* * * LOW HITPOINT WARNING * * *
The black draconian hits you from afar with a +0 glaive!
* * * LOW HITPOINT WARNING * * *
The daeva is engulfed in calcifying dust.
The merfolk aquamancer barely misses you.
The catoblepas is distracted by your dazzling golden aura.
The black draconian hits you from afar with a +0 glaive!!
* * * LOW HITPOINT WARNING * * *
The iron troll bites you.
* * * LOW HITPOINT WARNING * * *
The iron troll claws you but does no damage. x2
The daeva is engulfed in calcifying dust.
You flicker for a moment.
The daeva is no longer petrified.
The black draconian hits you from afar with a +0 glaive!
* * * LOW HITPOINT WARNING * * *
The merfolk aquamancer hits you with a +6 rapier of venom.
The iron troll barely misses you. The iron troll claws you!!
You die...
Your body crumbles into a pile of gold.

+..........# +..........#
#..#....#..# #..........+
#..∩.......+ ###''####''#
###''####''#########
#YT....##...........
#.#@##.##...........
#.#Am'.##..######### #
'|d#.##..# .#:.' ##..#
#++###########.+==#. #..#
........##..## ##+#.##..#
.#......##..# ##..#
........''..# #.[#
........''..##########..#


You could see a daeva, a black draconian, an iron troll, a catoblepas and a
merfolk aquamancer.

Vanquished Creatures
  A nagaraja (D)
  Harold (D)
  A vault guard (D)
  An alligator snapping turtle (D)
  A death yak (D)
  A fire crab (D)
  A shadow wraith (D)
  A bog body (D)
  A deep troll (D)
  2 phantasmal warriors (D)
  An orc knight (D)
  A deep elf pyromancer (D)
  2 manticores (D)
  2 gargoyles (D)
  3 black mambas (D)
  A molten gargoyle (D)
  A rust devil (D)
  A demonic crawler (D)
  An efreet (D)
  A freezing wraith (D)
  A komodo dragon (D)
  2 hellwings (D)
  A wandering mushroom (D)
  A troll (D)
  8 blink frogs (D)
  2 shadows (D)
  2 small abominations (D)
  6 yaks (D)
  2 wraiths (D)
  A wyvern (D)
  2 fire bats (D)
  A steam dragon (D)
  Menkaure (D)
  A chaos spawn (D)
  A black bear (D)
  2 sky beasts (D)
  2 orc warriors (D)
  2 ogres (D)
  6 wolves (D)
  2 gnoll sergeants (D)
  A scorpion (D)
  A crimson imp (D)
  2 orc priests (D)
  2 hounds (D)
  A gnoll shaman (D)
  An iguana (D)
  12 gnolls (D)
  2 adder skeletons (D)
  5 orcs (D)
  A bat skeleton (D)
  2 endoplasms (D)
  3 bats (D)
  2 frilled lizards (D)
  A kobold (D)
  2 rats (D)
109 creatures vanquished.

Notes
Turn   | Place    | Note
-------+----------+-------------------------------------------
     0 | D        | mhtbhm the Minotaur Fighter began the quest for the Orb.
     0 | D        | Reached XP level 1. HP: 19/19 MP: 0/0
    12 | D        | Upgraded the game from 0.28-a0-1435-g82390b3a13 to
                  | 0.28-a0-1447-ga5a8893891
    21 | D        | Reached XP level 2. HP: 12/28 MP: 1/1
    25 | D        | Found a bloodstained altar of Trog.
    25 | D        | Found a shimmering blue altar of Sif Muna.
    25 | D        | Found a viscous altar of Jiyva.
    25 | D        | Found a hazy altar of Hepliaklqana.
    25 | D        | Found an opulent altar of Gozag.
    26 | D        | Found a glowing golden altar of the Shining One.
    26 | D        | Found a glowing silver altar of Zin.
    26 | D        | Found a basalt altar of Yredelemnul.
    26 | D        | Found a shimmering altar of Xom.
    26 | D        | Found an ornate altar of the Wu Jian Council.
    26 | D        | Found a sacrificial altar of Ru.
    26 | D        | Found a stormy altar of Qazlal.
    26 | D        | Found an iron altar of Okawaru.
    26 | D        | Found a sparkling altar of Nemelex Xobeh.
    26 | D        | Found a burning altar of Makhleb.
    26 | D        | Found a blossoming altar of Fedhas.
    26 | D        | Found a white marble altar of Elyvilon.
    26 | D        | Found a shadowy altar of Dithmenos.
    26 | D        | Found a snail-covered altar of Cheibriados.
    57 | D        | Found a radiant altar of Vehumet.
    57 | D        | Found a corrupted altar of Lugonu.
    58 | D        | Found a hide-covered altar of Uskayaw.
    58 | D        | Found an ancient bone altar of Kikubaaqudgha.
    58 | D        | Found a broken altar of Ashenzari.
    67 | D        | Became a worshipper of Gozag Ym Sagoz the Greedy
   233 | D        | Reached skill level 3 in Axes
   236 | D        | Noticed a scorpion
   244 | D        | Killed a scorpion
   245 | D        | Reached skill level 4 in Axes
   245 | D        | Reached skill level 5 in Shields
   245 | D        | Reached XP level 3. HP: 8/37 MP: 2/2
   245 | D        | Reached XP level 4. HP: 9/44 MP: 3/3
   559 | D        | Noticed an ogre
   568 | D        | Killed an ogre
   569 | D        | Reached skill level 5 in Axes
   569 | D        | Reached XP level 5. HP: 32/52 MP: 4/4
   795 | D        | Noticed Menkaure
   808 | D        | Noticed a black bear
   809 | D        | Killed Menkaure
   810 | D        | Reached skill level 6 in Axes
   810 | D        | Reached skill level 10 in Armour
   810 | D        | Reached skill level 1 in Dodging
   810 | D        | Reached XP level 6. HP: 34/62 MP: 5/5
   817 | D        | Reached skill level 7 in Axes
  1071 | D        | Reached skill level 8 in Axes
  1175 | D        | Noticed a sky beast
  1191 | D        | Killed a sky beast
  1192 | D        | Reached XP level 7. HP: 46/70 MP: 6/6
  1302 | D        | Noticed an efreet
  1313 | D        | HP: 3/70 [efreet/fireball (19)]
  1318 | D        | Killed an efreet
  1319 | D        | Reached skill level 10 in Fighting
  1319 | D        | Reached skill level 10 in Axes
  1739 | D        | Noticed a fire bat
  1739 | D        | Noticed a deep troll
  1739 | D        | Noticed a komodo dragon
  1748 | D        | Killed a fire bat
  1749 | D        | Reached skill level 11 in Axes
  1749 | D        | Reached XP level 8. HP: 77/80 MP: 7/7
  1754 | D        | Killed a komodo dragon
  1755 | D        | Reached skill level 12 in Axes
  1761 | D        | Killed a deep troll
  1762 | D        | Reached skill level 13 in Axes
  1979 | D        | Reached XP level 9. HP: 85/89 MP: 8/8
  1979 | D        | Noticed a phantasmal warrior
  1991 | D        | Killed a phantasmal warrior
  1992 | D        | Reached skill level 14 in Axes
  2329 | D        | Reached skill level 15 in Armour
  2332 | D        | Reached skill level 15 in Axes
  2378 | D        | Noticed a molten gargoyle
  2389 | D        | Reached skill level 5 in Dodging
  2396 | D        | Reached skill level 16 in Axes
  2400 | D        | Reached XP level 10. HP: 91/101 MP: 9/9
  2402 | D        | Killed a molten gargoyle
  2403 | D        | Reached skill level 10 in Shields
  2515 | D        | Noticed a gargoyle
  2522 | D        | Killed a gargoyle
  2523 | D        | Reached skill level 17 in Axes
  2686 | D        | Noticed Harold
  2692 | D        | Killed Harold
  2693 | D        | Reached skill level 15 in Fighting
  2757 | D        | Noticed a death yak
  2762 | D        | Reached skill level 18 in Axes
  2774 | D        | Killed a death yak
  2929 | D        | Noticed a black mamba
  2929 | D        | Noticed an orc knight
  2932 | D        | Noticed a gargoyle
  2934 | D        | Noticed a manticore
  2939 | D        | Killed a black mamba
  2954 | D        | Killed an orc knight
  2955 | D        | Reached XP level 11. HP: 89/114 MP: 10/10
  2957 | D        | Reached skill level 19 in Axes
  2957 | D        | Noticed an alligator snapping turtle
  3014 | D        | Killed an alligator snapping turtle
  3015 | D        | Reached skill level 20 in Axes
  3273 | D        | Noticed a bog body
  3289 | D        | Killed a bog body
  3290 | D        | Reached skill level 1 in Stealth
  3309 | D        | Killed a shadow wraith
  3764 | D        | Noticed a deep elf pyromancer
  3773 | D        | Reached skill level 21 in Axes
  3776 | D        | Killed a deep elf pyromancer
  3973 | D        | Noticed a nagaraja
  3984 | D        | Killed a nagaraja
  3985 | D        | Reached XP level 12. HP: 61/128 MP: 9/11
  4379 | D        | Noticed a daeva
  4379 | D        | Noticed a vault guard
  4379 | D        | Noticed a black draconian
  4379 | D        | Noticed a catoblepas
  4379 | D        | Noticed a merfolk aquamancer
  4388 | D        | Killed a vault guard
  4401 | D        | HP: 6/130 [black draconian (3)]
  4401 | D        | Slain by an iron troll

Illustrated notes

Levels and vault maps discovered:
D:        pitsprint [storerooms_1, entrance_room_1, metal_vault_5, armoury_1,
          mini_pit_1, grid_room_1, main_hall_1, silver_pit, the_coven_3,
          the_vestibule_1, steel_vault_4, golden_pit, hallway_of_sentries,
          crystal_vault_4, iron_vault_2, final_vault]

Skill      XL: |  1  2  3  4  5  6  7  8  9 10 11 12 |
---------------+-------------------------------------+-----
Fighting       | 4 6 7 8 9 10 11 13 15 18 19 | 19.3
Armour         | 4 6 8 10 11 13 14 15 16 17 18 | 18.2
Shields        | 4 5 6 7 8 9 11 13 | 13.9
Axes           | 4 5 6 8 11 13 16 18 21 | 21.6
Dodging        | 1 2 3 5 6 7 |  7.5
Stealth        | 1 |  1.8

Action                   |  1- 3 |  4- 6 |  7- 9 | 10-12 || total
-------------------------+-------+-------+-------+-------++-------
Melee: War axe           |     6 |       |       |       ||     6
       Hand axe          |    13 |    65 |    61 |       ||   139
       Headbutt          |       |    11 |    23 |    37 ||    71
       Broad axe         |       |       |    53 |   183 ||   236
Invok: Potion Petition   |       |       |     2 |     3 ||     5
       Call Merchant     |       |       |       |     1 ||     1
  Use: Potion            |     2 |     1 |     4 |     3 ||    10
 Stab: Distracted        |       |       |       |     1 ||     1
       Petrified         |       |       |       |     3 ||     3
Armor: Scale mail        |     5 |     5 |       |    15 ||    25
       Chain mail        |       |    25 |    53 |    73 ||   151
Dodge: Dodged            |     8 |    23 |    40 |    99 ||   170
Block: Buckler           |     3 |    13 |    25 |    62 ||   103

Table legend: (Time is in decaauts)
 A = Elapsed time spent in this place.
 B = Non-inter-level travel time spent in this place.
 C = Inter-level travel time spent in this place.
 D = Time resting spent in this place.
 E = Time spent auto-exploring this place.
 F = Levels seen in this place.
 G = Mean time per level.
                   A        B        C        D        E       F      G
               +--------+--------+--------+--------+--------+-----+--------+
         Total |   4389 |   4389 |      0 |   2980 |    136 |   1 | 4389.0 |
       Dungeon |   4389 |   4389 |      0 |   2980 |    136 |   1 | 4389.0 |
               +--------+--------+--------+--------+--------+-----+--------+

Top non-repeatable levels by time:
       D: 4389 daAuts
